 Dungeon Crawl Stone Soup version 0.29-a0-1033-gb6c65ffae6 (webtiles) character file.

Game seed: 11953324277263087287

41079 gelatine the Thaumaturge (level 13, -4/77 HPs)
             Began as a Demonspawn Fire Elementalist on Aug 15, 2022.
             Was an Elder of Vehumet.
             Slain by a boulder beetle (22 damage)
             ... on level 5 of the Lair of Beasts.
             The game lasted 01:20:28 (18917 turns).

gelatine the Thaumaturge (DsFE)                    Turns: 18917, Time: 01:20:29

Health: -4/77      AC: 17    Str: 11    XL:     13   Next: 78%
Magic:  13/38      EV: 13    Int: 27    God:    Vehumet [****..]
Gold:   1000       SH:  0    Dex: 14    Spells: 6/37 levels left

rFire   + . .      SeeInvis .   T - +11 spear of Irem {protect, Fly rF+ Str+2 Stlth+}
rCold   . . .      Faith    .   A - orb {light}
rNeg    . . .      Spirit   .   R - +3 troll leather armour {Snorg}
rPois   .          Reflect  .   (helmet restricted)
rElec   .          Harm     .   (no cloak)
rCorr   +          Rampage  .   z - +0 pair of gloves
Will    +....                   O - +1 pair of boots
Stlth   ++........              t - amulet of the Twisting Scavenger {Acrobat Will+ rCorr MP+9}
HPRegen 1.02/turn               V - +4 ring of protection
MPRegen 0.26/turn               x - +6 ring of intelligence

@: flying, glowing
A: horns 1, icy blue scales 1, ignite blood 2, spiny 2, frail 1
a: Renounce Religion


You were on level 5 of the Lair of Beasts.
You worshipped Vehumet.
Vehumet was greatly pleased with you.
You visited 3 branches of the dungeon, and saw 17 of its levels.

You collected 1000 gold pieces.

Inventory:

Hand Weapons
 S - the +8 morningstar of Resourcefulness {speed, Dex+6}
   (You found it on level 9 of the Dungeon)

   Attacks with this weapon are significantly faster.
   Dex:       It affects your dexterity (+6).
 T - the +11 spear of Irem (weapon) {protect, Fly rF+ Str+2 Stlth+}
   (You found it on level 10 of the Dungeon)

   It grants its wielder temporary protection when it strikes (+7 to AC).
   Str:       It affects your strength (+2).
   rF:        It protects you from fire.
   Fly:       It grants you flight.
   Stlth:     It makes you more stealthy.
Missiles
 c - 44 poisoned darts
Armour
 b - a +2 leather armour of fire resistance
 z - a +0 pair of gloves (worn)
 A - an orb of light (worn)
 O - a +1 pair of boots (worn)
 R - a +3 troll leather armour (worn) {Snorg}
 X - a +2 leather armour of cold resistance
Magical Staves
 e - a staff of air
 v - a staff of earth
 B - a staff of death
Jewellery
 d - a +6 ring of strength
 i - a ring of positive energy
 k - a ring of magical power
 n - a +6 ring of strength
 q - a ring of fire
 t - the amulet of the Twisting Scavenger (around neck) {Acrobat Will+ rCorr MP+9}
   (You acquired it on level 3 of the Lair of Beasts)

   [amulet of the acrobat]

   It increases your evasion while moving and waiting.
   MP:        It affects your magic capacity (+9).
   rCorr:     It protects you from acid and corrosion.
   Will:      It increases your willpower.
 x - a +6 ring of intelligence (right hand)
 y - a ring of see invisible
 C - a ring of flight
 F - a +4 ring of slaying
 U - a ring of ice
 V - a +4 ring of protection (left hand)
Wands
 a - a wand of mindburst (7)
 p - a wand of paralysis (7)
 E - a wand of roots (10)
 H - a wand of polymorph (13)
 M - a wand of acid (4)
Scrolls
 f - 3 scrolls of butterflies
 g - 3 scrolls of enchant weapon
 h - 2 scrolls of poison
 l - 2 scrolls of vulnerability
 r - 6 scrolls of teleportation
 s - a scroll of immolation
 G - a scroll of brand weapon
 J - a scroll of amnesia
 K - a scroll of identify
 N - 3 scrolls of fear
 P - 2 scrolls of magic mapping
Potions
 j - 3 potions of haste
 m - 2 potions of flight
 o - 3 potions of ambrosia
 u - a potion of resistance
 w - 7 potions of curing
 D - 2 potions of brilliance
 I - 2 potions of cancellation
 L - a potion of invisibility
 Q - 4 potions of lignification
 W - 2 potions of might
 Y - a potion of heal wounds
Miscellaneous
 Z - a lightning rod (3/4)


   Skills:
 + Level 3.3 Fighting
 + Level 1.0 Short Blades
 + Level 3.1(3.5) Maces & Flails
 + Level 4.1(4.4) Polearms
 + Level 2.4(4.2) Staves
 + Level 4.0 Armour
 + Level 5.6 Dodging
 + Level 5.1 Stealth
 + Level 12.9 Spellcasting
 * Level 9.6 Conjurations
 + Level 1.3 Necromancy
 + Level 10.8 Fire Magic
 + Level 4.7 Air Magic
 + Level 2.7 Earth Magic
 + Level 1.9 Poison Magic


You had 6 spell levels left.
You knew the following spells:

 Your Spells              Type           Power      Damage    Failure   Level
a - Foxfire               Conj/Fire      100%       2x1d9     1%          1
b - Scorch                Fire           100%       2d10      1%          2
c - Flame Wave            Conj/Fire      64%        2d15      1%          4
d - Airstrike             Air            21%        2d(4-20)  1%          4
e - Static Discharge      Conj/Air       54%        3-10/arc  1%          2
f - Mephitic Cloud        Conj/Pois/Air  46%        N/A       1%          3
g - Searing Ray           Conj           100%       2d8       1%          2
h - Stone Arrow           Conj/Erth      100%       3d13      1%          3
i - Orb of Destruction    Conj           31%        9d10      17%         7
j - Vampiric Draining     Necr           24%        2d7       7%          3

Your spell library contained the following spells:

 Spells                   Type           Power      Damage    Failure   Level
 Starburst                Conj/Fire      32%        6d10      2%          6
 Magic Dart               Conj           100%       1d8       1%          1
 Poisonous Vapours        Pois/Air       70%        N/A       1%          2
 Conjure Flame            Conj/Fire      64%        6-21      1%          3
 Inner Flame              Hex/Fire       46%        N/A       1%          3
 Necrotise                Necr           96%        1d8       2%          1
 Apportation              Tloc           34%        N/A       4%          1
 Summon Small Mammal      Summ           68%        N/A       4%          1
 Call Imp                 Summ           17%        N/A       6%          2
 Summon Guardian Golem    Hex/Summ       17%        N/A       12%         3
 Corpse Rot               Necr/Pois/Air  31%        N/A       14%         4
 Animate Armour           Summ/Erth      48%        N/A       22%         4
 Agony                    Necr           24%        N/A       54%         5
 Spellforged Servitor     Conj/Summ      21%        N/A       71%         7
 Lehudib's Crystal Spear  Conj/Erth      25%        10d7      99%         8
 Borgnjor's Revivificati  Necr           12%        N/A       100%        8
 Necromutation            Tmut/Necr      10%        N/A       100%        8
 Death's Door             Necr           12%        N/A       100%        9


Dungeon Overview and Level Annotations

Branches:
Dungeon (11/15)            Temple (1/1) D:5            Lair (5/5) D:11
  Swamp (0/4) Lair:2        Snake (0/4) Lair:2          Orc (0/2) D:9
  Slime: Lair:4-5

Altars:
Ashenzari
Cheibriados
Dithmenos
Fedhas
Gozag
Hepliaklqana
Kikubaaqudgha
Makhleb
Nemelex Xobeh
Okawaru
Qazlal
Ru
Sif Muna
Trog
Uskayaw
Vehumet
Wu Jian
Xom
Yredelemnul

Annotations:
D:4 3 runed translucent doors, MisterAzrael's ghost, amateur DECj
D:9 1 runed translucent door, Atlas's ghost, novice OpFE
D:11 2 runed translucent doors, Fikhle's ghost, journeyman DsMo


Innate Abilities, Weirdness & Mutations

You have a pair of small horns on your head.
You are partially covered in icy blue scales. (AC +2)
Your demonic aura often causes spilled blood to erupt in flames.
You are mostly covered in sharp spines.
You are frail. (-10% HP)


Message History

Confirm with . or Enter, or press ? or * to list all spells.
Aiming: Vampiric Draining (dangerous; 8% risk of failure)
Press: ? - help, Shift-Dir - straight line, f/p - catoblepas
Aim: a catoblepas (almost dead, haloed)
You draw life force from the catoblepas.
You feel life coursing into your body. The boulder beetle bites you!
The catoblepas is struck by your spines.
The catoblepas gores you!
Casting: Vampiric Draining (dangerous; 8% risk of failure)
Confirm with . or Enter, or press ? or * to list all spells.
Aiming: Vampiric Draining (dangerous; 8% risk of failure)
Press: ? - help, Shift-Dir - straight line, f/p - catoblepas
Aim: a catoblepas (almost dead, haloed)
You draw life force from the catoblepas!
You kill the catoblepas!
Vehumet accepts your kill.
You feel life coursing into your body. The boulder beetle bites you!
* * * LOW HITPOINT WARNING * * *
Your Armour skill increases to level 4!
Casting: Vampiric Draining (dangerous; 7% risk of failure)
Confirm with . or Enter, or press ? or * to list all spells.
Aiming: Vampiric Draining (dangerous; 7% risk of failure)
Press: ? - help, Shift-Dir - straight line, f - boulder beetle
Aim: a boulder beetle (lightly wounded, haloed)
You draw life force from the boulder beetle!
You feel life coursing into your body. The boulder beetle bites you!
* * * LOW HITPOINT WARNING * * *
You feel much better.
The boulder beetle is engulfed in blazing flames.
The boulder beetle bites you!
* * * LOW HITPOINT WARNING * * *
Aiming: Thunderbolt
Press: ? - help, Q - select action, (/) - cycle Shift-Dir - straight line, f/p - boulder beetle
Aim: a boulder beetle (flame, moderately wounded, haloed)
The thunderbolt hits the boulder beetle but does no damage.
The boulder beetle is moderately wounded.
You hear a bleat! x4
The boulder beetle is struck by your spines.
The boulder beetle bites you!!
You die...

........# ...........
..##...## ...........
##.....# ..........
.#.#.#.## ##.........
........## #§.........
.#.#.#.##.## #.........
.....†..##.######.........
.#.#.#.#...#....Fl.!......
.....†..........@B........
.#.#.#.#.................^
..........................
..........................
...........###....###.....
...........# ##...# .....
...........# ...## .....
........# #.##


You could see a boulder beetle, a cane toad (petrified) and a basilisk
(petrified).

Vanquished Creatures
  Snorg (D:10)
  Fannar (D:11)
  3 hydras
  A catoblepas (Lair:5)
  4 death yaks (Lair:4)
  A two-headed ogre (D:11)
  Nergalle (Lair:2)
  Amaemon (Lair:2)
  2 bog bodies (Lair:2)
  2 lindwurms (Lair:3)
  An ugly thing (D:11)
  5 elephants (Lair:3)
  6 black mambas
  Joseph (D:7)
  11 cane toads
  An orange demon (Lair:2)
  3 rime drakes
  5 komodo dragons
  A tengu conjurer (D:10)
  Prince Ribbit (D:6)
  2 polar bears
  8 blink frogs
  A hornet (Lair:3)
  Sigmund (D:6)
  8 wyverns
  A shadow (D:10)
  A wraith (D:11)
  60 yaks
  5 steam dragons
  22 water moccasins
  Duvessa (D:7)
  2 acid dragons
  2 sky beasts
  3 orc warriors
  An ice beast (D:5)
  4 black bears
  2 ogres
  6 wolves (Lair:1)
  A centaur (D:9)
  2 phantoms (D:5)
  2 kobold brigands
  11 bullfrogs
  2 gnoll sergeants
  4 necrophages
  2 scorpions
  7 wights (D:6)
  Dowan (D:7)
  17 killer bees
  3 howler monkeys (D:11)
  An electric eel (Lair:1)
  A jelly (D:7)
  7 hounds
  14 orc priests
  7 iguanas
  11 orc wizards
  8 gnolls
  10 adders
  4 white imps
  2 ufetubi
  A worm (D:5)
  4 dart slugs
  30 orcs
  7 ball pythons
  7 endoplasms
  5 giant cockroaches
  6 goblins
  5 hobgoblins
  2 jackals (D:1)
  7 quokkas
  5 bats
  A frilled lizard (D:3)
  17 kobolds
  5 rats
401 creatures vanquished.

Vanquished Creatures (collateral kills)
  2 foxfires (D:2)
2 creatures vanquished.

Vanquished Creatures (others)
  796 foxfires
  8 fungi
  66 plants
870 creatures vanquished.

Grand Total: 1273 creatures vanquished

Notes
Turn   | Place    | Note
-------+----------+-------------------------------------------
     0 | D:1      | gelatine the Demonspawn Fire Elementalist began the quest
                  | for the Orb.
     0 | D:1      | Reached XP level 1. HP: 13/13 MP: 3/3
   177 | D:1      | Gained mutation: Your demonic aura sometimes causes spilled
                  | blood to erupt in flames. [demonic ancestry]
   177 | D:1      | Reached XP level 2. HP: 17/19 MP: 0/5
  1121 | D:2      | Gained mutation: You are partially covered in sharp spines.
                  | [demonic ancestry]
  1121 | D:2      | Reached XP level 3. HP: 24/24 MP: 3/6
  1307 | D:2      | Found a faded altar of an unknown god.
  1513 | D:2      | Reached skill level 1 in Short Blades
  2047 | D:3      | Reached XP level 4. HP: 30/30 MP: 3/7
  2128 | D:3      | Learned a level 2 spell: Scorch
  3138 | D:3      | Found a snail-covered altar of Cheibriados.
  3145 | D:3      | Found an ancient bone altar of Kikubaaqudgha.
  3365 | D:4      | Reached skill level 1 in Staves
  3365 | D:4      | Reached XP level 5. HP: 35/35 MP: 8/9
  3398 | D:4      | Reached skill level 3 in Spellcasting
  3748 | D:4      | Gained mutation: You are partially covered in icy blue
                  | scales. (AC +2) [demonic ancestry]
  3748 | D:4      | Reached XP level 6. HP: 39/41 MP: 8/10
  3954 | D:5      | Entered Level 5 of the Dungeon
  4498 | D:4      | Reached skill level 4 in Spellcasting
  4498 | D:4      | Reached XP level 7. HP: 47/47 MP: 13/13
  4603 | D:4      | Found a runed translucent gate.
  4603 | D:4      | Found a runed translucent gate.
  4603 | D:4      | Found a runed translucent gate.
  4604 | D:4      | Noticed MisterAzrael's ghost (amateur DECj)
  5239 | D:5      | Found a staircase to the Ecumenical Temple.
  5239 | D:5      | Noticed a steam dragon
  5249 | D:5      | Killed a steam dragon
  5250 | D:5      | Reached skill level 5 in Fire Magic
  5412 | Temple   | Entered the Ecumenical Temple
  6079 | D:5      | Reached skill level 5 in Spellcasting
  6275 | D:5      | Gained mutation: You are mostly covered in sharp spines.
                  | [demonic ancestry]
  6275 | D:5      | Reached XP level 8. HP: 53/53 MP: 16/16
  6518 | D:5      | Reached skill level 6 in Spellcasting
  6520 | D:5      | Found a shimmering altar of Xom.
  6777 | D:5      | Identified the +1 helmet "Samoj" {Int+2}
  6818 | D:5      | Found an opulent altar of Gozag.
  6827 | D:5      | Found a radiant altar of Vehumet.
  6830 | D:5      | Became a worshipper of Vehumet
  7131 | D:6      | Reached skill level 1 in Fighting
  7284 | D:6      | Reached XP level 9. HP: 24/59 MP: 19/19
  7487 | D:6      | Reached skill level 7 in Spellcasting
  7507 | D:6      | Learned a level 4 spell: Flame Wave
  7677 | D:6      | Noticed Prince Ribbit
  7684 | D:6      | Killed Prince Ribbit
  7684 | D:6      | Reached * piety under Vehumet
  7684 | D:6      | Offered knowledge of Magic Dart by Vehumet.
  7687 | D:6      | Learned a level 1 spell: Magic Dart
  7863 | D:6      | Noticed Sigmund
  7869 | D:6      | Killed Sigmund
  8328 | D:7      | Reached skill level 1 in Armour
  8340 | D:7      | Reached skill level 8 in Spellcasting
  8460 | D:7      | Noticed Joseph
  8563 | D:7      | Noticed Dowan
  8572 | D:7      | Killed Joseph
  8748 | D:7      | Killed Dowan
  8753 | D:7      | Reached skill level 5 in Conjurations
  8874 | D:7      | Noticed Duvessa
  8880 | D:7      | Killed Duvessa
  9020 | D:7      | Identified the +1 chain mail "Laopsoj" {Int+2}
  9307 | D:7      | Reached XP level 10. HP: 65/65 MP: 22/22
 10511 | D:9      | Reached skill level 9 in Spellcasting
 10515 | D:9      | Identified the +8 morningstar of Resourcefulness {speed,
                  | Dex+6}
 10752 | D:9      | Offered knowledge of Static Discharge by Vehumet.
 10758 | D:9      | Reached ** piety under Vehumet
 10981 | D:9      | Learned a level 2 spell: Static Discharge
 11146 | D:9      | Found a staircase to the Orcish Mines.
 11163 | D:9      | Learned a level 3 spell: Mephitic Cloud
 11307 | D:9      | Found a runed translucent door.
 11310 | D:9      | Noticed Atlas's ghost (novice OpFE)
 11311 | D:9      | Identified the +1 spear "Banoa" {venom, rC+ Dex+3}
 11727 | D:10     | Entered Level 10 of the Dungeon
 11742 | D:10     | Reached skill level 1 in Maces & Flails
 11765 | D:10     | Gained mutation: You are frail. (-10% HP) [potion of
                  | mutation]
 12262 | D:10     | Noticed Snorg
 12273 | D:10     | Killed Snorg
 12274 | D:10     | Gained mutation: Your demonic aura often causes spilled
                  | blood to erupt in flames. [demonic ancestry]
 12274 | D:10     | Reached XP level 11. HP: 63/63 MP: 22/24
 12409 | D:10     | Identified the +11 spear of Irem {protect, Fly rF+ Str+2
                  | Stlth+}
 13034 | D:11     | Found a staircase to the Lair.
 13034 | D:11     | Noticed Fannar
 13041 | D:11     | Reached skill level 1 in Air Magic
 13049 | D:11     | Killed Fannar
 13180 | D:11     | Offered knowledge of Searing Ray by Vehumet.
 13386 | D:11     | Found a large runed translucent door.
 13386 | D:11     | Found a large runed translucent door.
 13395 | D:11     | Noticed Fikhle's ghost (journeyman DsMo)
 13471 | D:11     | Noticed a cyan ugly thing
 13480 | D:11     | Killed a cyan ugly thing
 13481 | D:11     | Reached skill level 10 in Spellcasting
 13602 | D:11     | Noticed a two-headed ogre
 13610 | D:11     | Killed a two-headed ogre
 13611 | D:11     | Reached skill level 1 in Polearms
 13685 | D:11     | Reached *** piety under Vehumet
 14069 | D:11     | Learned a level 2 spell: Searing Ray
 14073 | D:11     | Learned a level 3 spell: Stone Arrow
 14338 | Lair:1   | Entered Level 1 of the Lair of Beasts
 14688 | Lair:1   | Noticed a six-headed hydra
 14698 | Lair:1   | Killed a six-headed hydra
 14701 | Lair:1   | Reached skill level 10 in Fire Magic
 14702 | Lair:1   | Offered knowledge of Iskenderun's Mystic Blast by Vehumet.
 14872 | Lair:1   | Gained mutation: You have a pair of small horns on your
                  | head. [demonic ancestry]
 14872 | Lair:1   | Reached XP level 12. HP: 42/71 MP: 26/26
 14936 | Lair:1   | Reached skill level 1 in Poison Magic
 14939 | Lair:1   | Noticed a four-headed hydra
 14946 | Lair:1   | Killed a four-headed hydra
 15028 | Lair:1   | Reached skill level 11 in Spellcasting
 15539 | Lair:2   | Noticed Nergalle
 15550 | Lair:2   | Killed Nergalle
 15560 | Lair:2   | Reached **** piety under Vehumet
 15561 | Lair:2   | Reached skill level 5 in Dodging
 15658 | Lair:2   | Found a staircase to the Swamp.
 16027 | Lair:2   | Offered knowledge of Airstrike by Vehumet.
 16187 | Lair:2   | Found a staircase to the Snake Pit.
 16249 | Lair:2   | Noticed Amaemon
 16257 | Lair:2   | Killed Amaemon
 16258 | Lair:2   | Reached skill level 5 in Stealth
 16531 | Lair:3   | Reached XP level 13. HP: 77/77 MP: 28/28
 16860 | Lair:3   | Reached skill level 12 in Spellcasting
 16910 | Lair:3   | Learned a level 4 spell: Airstrike
 16971 | Lair:3   | Reached skill level 1 in Earth Magic
 17356 | Lair:3   | Identified a scroll of acquirement
 17356 | Lair:3   | Acquired the amulet of the Twisting Scavenger {Acrobat
                  | Will+ rCorr MP+9}
 17380 | Lair:3   | Learned a level 7 spell: Orb of Destruction
 17628 | Lair:3   | Reached ***** piety under Vehumet
 17681 | Lair:3   | Offered knowledge of Starburst by Vehumet.
 18260 | Lair:4   | Learned a level 3 spell: Vampiric Draining
 18810 | Lair:5   | Entered Level 5 of the Lair of Beasts
 18862 | Lair:5   | Reached skill level 1 in Necromancy
 18917 | Lair:5   | Slain by a boulder beetle

Illustrated notes

Levels and vault maps discovered:
D:1:      matt_arrival_los_fun, layout_basic,
          hangedman_abyss_or_decor_lesser_grid
D:2:      layout_rooms, shapermc_ecumenical_altar_acropolis,
          wad_floor_pattern_untrapped, serial_park_tiny_pond,
          chequers_serial_rivers_room_a, kennysheep_generic_room_7
D:3:      layout_loops_ring, gammafunk_temple_overflow_pools, solitary_fountain,
          kennysheep_generic_room_5
D:4:      layout_loops_ring, gammafunk_ghost_split
D:5:      layout_loops_ring, mainiacjoe_overflow_swirl, xom_confusion_cloud,
          temple_hall
D:6:      layout_basic, chequers_hall_statues_corner_a, uniq_sigmund,
          uniq_prince_ribbit1
D:7:      layout_basic, uniq_joseph, uniq_duvessa
D:8:      layout_basic, st_stairs_8
D:9:      layout_basic, orc_0_dummy, ebering_ghost_funeral_grove
D:10:     layout_cave_pods, serial_bayou_pond_d, minmay_holes, uniq_snorg
D:11:     layout_loops_ring, erik_lair_dragon, ebering_ghost_disaster_area,
          uniq_fannar
Temple:   minmay_crystal_spiral_temple
Lair:1:   layout_regular_city, st_stairs_6, infiniplex_staircase_pool
Lair:2:   layout_chaotic_city, skrybe_swamp_entry_bodies,
          minmay_snake_entry_six_corridors, uniq_amaemon, uniq_nergalle
Lair:3:   cheibrodos_lair_overgrown_chateau, layout_chaotic_city,
          beast_lair_carwin_10
Lair:4:   layout_gridlike, grunt_megastairs_3, infiniplex_staircase_pool_2
Lair:5:   evilmike_catoblepas_cave, layout_small_grid, slime_entry_1,
          hellmonk_ghost_happy_afterlife, gauntlet_entry_generic, st_stairs_12,
          hangedman_lair_unloving_vines, hibernation_bobbens

Skill      XL: |  1  2  3  4  5  6  7  8  9 10 11 12 13 |
---------------+----------------------------------------+-----
Fire Magic     | 3 4 5 6 7 9 10 | 10.8
Short Blades   | 1 |  1.0
Stealth        | 2 3 4 5 |  5.1
Dodging        | 2 3 5 |  5.6
Conjurations   | 2 3 4 5 6 7 8 9 |  9.6
Staves         | 1 2 |  2.4
Spellcasting   | 3 4 5 6 8 9 10 11 12 | 12.9
Fighting       | 1 2 3 |  3.3
Armour         | 2 3 4 |  4.0
Maces & Flails | 2 3 |  3.1
Air Magic      | 2 3 4 |  4.7
Polearms       | 1 3 4 |  4.1
Poison Magic   | 1 |  1.9
Earth Magic    | 2 |  2.7
Necromancy     | 1 |  1.3

Action                   |  1- 3 |  4- 6 |  7- 9 | 10-12 | 13-15 || total
-------------------------+-------+-------+-------+-------+-------++-------
Melee: Rapier            |    19 |       |       |       |       ||    19
       Unarmed           |     1 |       |     2 |       |       ||     3
       Quarterstaff      |     1 |    22 |    35 |     3 |       ||    61
       Morningstar       |       |       |       |    26 |       ||    26
       Punch             |       |       |       |     1 |     2 ||     3
       Spear             |       |       |       |    99 |    55 ||   154
       Headbutt          |       |       |       |    13 |    18 ||    31
Throw: Dart              |       |     1 |       |       |       ||     1
 Cast: Foxfire           |    72 |    56 |   190 |   144 |    24 ||   486
       Scorch            |       |    32 |    66 |    52 |     6 ||   156
       Magic Dart        |       |       |     4 |     3 |       ||     7
       Static Discharge  |       |       |       |    27 |     4 ||    31
       Mephitic Cloud    |       |       |       |    17 |     6 ||    23
       Flame Wave        |       |       |       |    12 |     4 ||    16
       Searing Ray       |       |       |       |     6 |     4 ||    10
       Stone Arrow       |       |       |       |    11 |    25 ||    36
       Airstrike         |       |       |       |       |    24 ||    24
       Vampiric Draining |       |       |       |       |    11 ||    11
       Orb of Destructio |       |       |       |       |     2 ||     2
Evoke: Lightning rod     |       |       |       |       |     1 ||     1
  Use: Scroll            |       |     6 |     2 |    16 |     5 ||    29
       Potion            |       |       |     6 |     2 |     1 ||     9
 Stab: Sleeping          |     1 |       |       |     3 |       ||     4
       Confused          |       |       |       |     1 |     1 ||     2
Armor: Robe              |     1 |     4 |    13 |       |       ||    18
       Leather armour    |       |       |     7 |    13 |       ||    20
       Troll leather arm |       |       |       |    76 |    44 ||   120
Dodge: Dodged            |    11 |    17 |    41 |   132 |    62 ||   263

Table legend: (Time is in decaauts)
 A = Elapsed time spent in this place.
 B = Non-inter-level travel time spent in this place.
 C = Inter-level travel time spent in this place.
 D = Time resting spent in this place.
 E = Time spent auto-exploring this place.
 F = Levels seen in this place.
 G = Mean time per level.
                   A        B        C        D        E       F      G
               +--------+--------+--------+--------+--------+-----+--------+
         Total |  18910 |  18267 |    643 |   1571 |  13956 |  17 | 1112.4 |
       Dungeon |  14112 |  13656 |    456 |   1342 |  10416 |  11 | 1282.9 |
        Temple |    212 |    128 |     84 |      0 |    112 |   1 |  212.0 |
          Lair |   4585 |   4482 |    103 |    229 |   3428 |   5 |  917.0 |
               +--------+--------+--------+--------+--------+-----+--------+

Top non-repeatable levels by time:
     D:5: 1851 daAuts
     D:4: 1578 daAuts
     D:9: 1575 daAuts
     D:6: 1550 daAuts
  Lair:3: 1530 daAuts
    D:11: 1434 daAuts
     D:3: 1313 daAuts
  Lair:2: 1262 daAuts
    D:10: 1177 daAuts
     D:1: 1119 daAuts
     D:7: 941 daAuts
  Lair:1: 935 daAuts
     D:2: 926 daAuts
  Lair:4: 751 daAuts
     D:8: 645 daAuts
